 Dungeon Crawl Stone Soup version 0.31-a0-636-ge1c0e020e0 (webtiles) character file.

Game seed: 6944127371587152756

347 Revguard the Sneak (level 6, -4/37 HPs)
             Began as a Tengu Brigand on Aug 26, 2023.
             Was an Initiate of Cheibriados.
             Shot with an arrow by a centaur (10 damage)
             ... on level 5 of the Dungeon.
             The game lasted 00:11:44 (3529 turns).

Revguard the Sneak (Tengu Brigand)                  Turns: 3529, Time: 00:11:44

Health: -4/37      AC:  4    Str: 12    XL:     6   Next: 59%
Magic:  9/9        EV: 15    Int: 14    God:    Cheibriados [......]
Gold:   228        SH:  0    Dex: 17    Spells: 5/8 levels left

rFire   . . .        h - +1 dagger (venom)
rCold   . . .        (no shield)
rNeg    . . .        k - +0 leather armour
rPois   .            q - +0 hat
rElec   .            c - +0 cloak
rCorr   .            (no gloves)
SInv    .            (boots unavailable)
Will    .....        (no amulet)
Stlth   +++          (no ring)
HPRegen 0.00/turn    (no ring)
MPRegen 0.11/turn

%: no passive effects
@: flying quickly and evasively, inhibited regen, slow
A: beak, talons 3, nimble flight, inhibited regeneration, subdued magic 1,
sturdy frame 1
a: Renounce Religion


You were on level 5 of the Dungeon.
You worshipped Cheibriados.
Cheibriados was noncommittal.
You visited 1 branch of the dungeon, and saw 5 of its levels.

You collected 228 gold pieces.

Inventory:

Hand Weapons
 a - a +2 dagger
 f - a +3 dagger of pain
 h - a +1 dagger of venom (weapon)
 s - a +2 dagger of electrocution
Missiles
 d - 13 poisoned darts (quivered)
 e - 3 curare-tipped darts
Armour
 b - a +0 robe
 c - a +0 cloak (worn)
 k - a +0 leather armour (worn)
 q - a +0 hat (worn)
Jewellery
 g - the necklace of Bloodlust {Fury *Rage Will++ Int-3 Slay+6}
   (You found it on level 3 of the Dungeon)

   [amulet of nothing]

   Fury:      It extends the wearer's berserk rage when killing foes.
   Int-3:     It affects your intelligence (-3).
   Slay+6:    It affects your accuracy & damage with ranged weapons and melee
   (+6).
   Will++:    It greatly increases your willpower.
   *Rage:     It berserks you when you make melee attacks (+50% chance).
 n - a ring of flight
Scrolls
 i - 2 scrolls of teleportation
 r - a scroll of fear
 t - a scroll of fog {unknown}
Potions
 j - a potion of haste {unknown}
 l - a potion of curing
 m - a potion of heal wounds {unknown}
 o - a potion of brilliance {unknown}
 p - 2 potions of cancellation {unknown}


   Skills:
 + Level 3.0 Fighting
 - Level 2.2 Short Blades
 - Level 2.1 Throwing
 + Level 2.0 Armour
 + Level 2.5 Dodging
 * Level 5.2 Stealth
 + Level 1.7 Spellcasting
 + Level 1.0 Hexes
 + Level 1.5 Invocations
 + Level 1.7 Evocations


You had 5 spell levels left.
You knew the following spells:

 Your Spells              Type           Power      Damage    Failure   Level
a - Tukima's Dance        Hex            3%         N/A       38%         3

Your spell library contained the following spells:

 Spells                   Type           Power      Damage    Failure   Level
 Shock                    Conj/Air       0%         1d3       22%         1
 Dazzling Flash           Conj/Hex       4%         N/A       47%         3
 Portal Projectile        Hex/Tloc       4%         N/A       47%         3
 Swiftness                Air            0%         N/A       54%         3
 Volatile Blastmotes      Fire/Tloc      0%         2d10      54%         3
 Airstrike                Air            0%         2d(0-16)  92%         4
 Iskenderun's Mystic Bla  Conj/Tloc      0%         2d3       92%         4
 Olgreb's Toxic Radiance  Pois           0%         N/A       92%         4
 Starburst                Conj/Fire      0%         6d3       100%        6
 Discord                  Hex            1%         N/A       100%        8
 Ignition                 Fire           0%         3d3       100%        8
 Maxwell's Capacitive Co  Air            0%         ∞         100%        8


Dungeon Overview and Level Annotations

Branches:
Dungeon (5/15)             Temple (0/1) D:4

Altars:
Ashenzari
Cheibriados
Elyvilon
Nemelex Xobeh
Zin


Innate Abilities, Weirdness & Mutations

You have a beak for a mouth.
You have claws for feet.
Your magical nature lets you fly swiftly and evasively.
You do not regenerate when monsters are visible.
Your spells are a little easier to cast, but a little less powerful.
Your movements are slightly less encumbered by armour. (ER -2)


Message History

o - a black potion
t - a scroll labelled ZICKO APAOPHUI A scorpion comes into view.
The scorpion stings you but does no damage.
The scorpion misses you.
You hit the scorpion.
The scorpion is poisoned.
You peck the scorpion, but do no damage.
The scorpion is lightly wounded.
The scorpion closely misses you.
You hit the scorpion.
The scorpion looks as sick as possible!
Your peck misses the scorpion.
The scorpion is heavily wounded.
The scorpion closely misses you.
You barely miss the scorpion. You peck the scorpion.
The scorpion is almost dead.
You kill the scorpion!
Cheibriados thoroughly appreciates the change of pace.
Your Fighting skill increases to level 3!
Your Armour skill increases to level 2!
You see here a scorpion corpse.
Found 3 boomerangs.
You see here 3 boomerangs.
Found a dagger.
You see here a +0 dagger.
Found a whip.
An ogre comes into view. It is wielding a +0 giant club.
A hound comes into view.
Found a stone staircase leading down.
The ogre hits you with a +0 giant club!!
Ouch! That really hurt!
* * * LOW HITPOINT WARNING * * *
The hound barks!
You hear a shout!
A centaur comes into view.
The hound attacks as it pursues you! The hound closely misses you. x2
The centaur wields a +0 orcbow.
The centaur shoots an arrow.
The arrow closely misses you. The hound attacks as it pursues you!
The hound closely misses you. x2
The centaur shoots an arrow.
The arrow hits you!
You die...

#.## ...# .# #..#
...####..##### #
.............#.# #
.>..#..........# # .....
#O...#.###########
......#h##.#........ ...
.#....@##.#.....######.
.c.........#........<...
..###.###...............
#. ##.##...#.......
#.####.##...# #.###. .
..........# #.# #. #
....####..###.###.
....+..#.......... ....
#............


You could see an ogre, a centaur and a hound.

Vanquished Creatures
  A scorpion (D:5)
  An iron imp (D:4)
  Natasha (thrice) (D:4)
  An iguana (D:5)
  7 adders
  A shadow imp (D:5)
  An ufetubus (D:4)
  A worm (D:4)
  A dart slug (D:4)
  13 orcs
  3 ball pythons
  4 bats
  10 endoplasms
  3 giant cockroaches
  4 goblins
  6 hobgoblins
  2 jackals (D:4)
  2 quokkas (D:4)
  4 frilled lizards
  3 kobolds
  4 rats
75 creatures vanquished.

Notes
Turn   | Place    | Note
-------+----------+-------------------------------------------
     0 | D:1      | Revguard the Tengu Brigand began the quest for the Orb.
     0 | D:1      | Reached XP level 1. HP: 12/12 MP: 2/2
   168 | D:1      | Reached XP level 2. HP: 17/17 MP: 3/3
   219 | D:1      | Found a faded altar of an unknown god.
  1726 | D:2      | Gained mutation: Your spells are a little easier to cast,
                  | but a little less powerful. [potion of mutation]
  1726 | D:2      | Gained mutation: You do not regenerate when monsters are
                  | visible. [potion of mutation]
  1726 | D:2      | Gained mutation: Your movements are slightly less
                  | encumbered by armour. (ER -2) [potion of mutation]
  1765 | D:3      | Found a broken altar of Ashenzari.
  1765 | D:3      | Found a white marble altar of Elyvilon.
  1777 | D:3      | Reached XP level 3. HP: 16/21 MP: 4/4
  1830 | D:3      | Reached skill level 1 in Armour
  1951 | D:3      | Reached XP level 4. HP: 22/26 MP: 6/6
  2032 | D:3      | Learned a level 3 spell: Tukima's Dance
  2076 | D:3      | Found the necklace of Bloodlust {Fury *Rage Will++ Int-3
                  | Slay+6}
  2517 | D:4      | Reached skill level 1 in Spellcasting
  2523 | D:4      | Reached skill level 1 in Evocations
  2676 | D:4      | Reached skill level 1 in Invocations
  2697 | D:4      | Noticed Natasha
  2706 | D:4      | Killed Natasha
  2707 | D:4      | Gained mutation: Your magical nature lets you fly swiftly
                  | and evasively. [Tengu growth]
  2707 | D:4      | Reached XP level 5. HP: 28/31 MP: 7/7
  2818 | D:4      | Noticed Natasha
  2832 | D:4      | Killed Natasha
  2896 | D:4      | Found a snail-covered altar of Cheibriados.
  2994 | D:4      | Noticed Natasha
  3001 | D:4      | Killed Natasha
  3002 | D:4      | Reached XP level 6. HP: 36/36 MP: 9/9
  3020 | D:4      | Became a worshipper of Cheibriados the Contemplative
  3062 | D:4      | Found a staircase to the Ecumenical Temple.
  3146 | D:4      | Reached skill level 5 in Stealth
  3149 | D:4      | Found a sparkling altar of Nemelex Xobeh.
  3198 | D:4      | Found a glowing silver altar of Zin.
  3238 | D:5      | Entered Level 5 of the Dungeon
  3321 | D:5      | Reached skill level 1 in Hexes
  3529 | D:5      | Shot with an arrow by a centaur

Illustrated notes

Levels and vault maps discovered:
D:1:      dpeg_arrival_triangle_fractal, layout_basic,
          shapermc_ecumenical_altar_flowoftime
D:2:      layout_basic
D:3:      layout_loops_cross, nicolae_overflow_two_pavilions,
          hangedman_feature_mirror
D:4:      layout_rooms, mainiacjoe_overflow_swirl, slow_altar_1,
          minmay_temple_entry_glassed_door, feat_on_display, uniq_natasha
D:5:      layout_basic, makhleb_altar_promises_db

Skill      XL: |  1  2  3  4  5  6 |
---------------+-------------------+-----
Armour         | 1 2 |  2.0
Spellcasting   | 1 |  1.7
Evocations     | 1 |  1.7
Dodging        | 2 |  2.5
Invocations    | 1 |  1.5
Stealth        | 5 |  5.2
Hexes          | 1 |  1.0
Fighting       | 3 |  3.0
Short Blades   | |  2.2
Throwing       | |  2.1

Action                     |  1- 3 |  4- 6 || total
---------------------------+-------+-------++-------
  Melee: Dagger            |    82 |   118 ||   200
         Kick              |    21 |    28 ||    49
         Peck              |     9 |    17 ||    26
         Punch             |     2 |       ||     2
    Use: Scroll            |     3 |     2 ||     5
         Potion            |     1 |       ||     1
   Stab: Sleeping          |    11 |    12 ||    23
 Armour: Robe              |    13 |       ||    13
         Leather armour    |     9 |    16 ||    25
  Dodge: Dodged            |    34 |    84 ||   118

Table legend: (Time is in decaauts)
 A = Elapsed time spent in this place.
 B = Non-inter-level travel time spent in this place.
 C = Inter-level travel time spent in this place.
 D = Time resting spent in this place.
 E = Time spent auto-exploring this place.
 F = Levels seen in this place.
 G = Mean time per level.
                   A        B        C        D        E       F      G
               +--------+--------+--------+--------+--------+-----+--------+
         Total |   3569 |   3442 |    127 |     26 |   2427 |   5 |  713.8 |
       Dungeon |   3569 |   3442 |    127 |     26 |   2427 |   5 |  713.8 |
               +--------+--------+--------+--------+--------+-----+--------+

Top non-repeatable levels by time:
     D:1: 914 daAuts
     D:2: 836 daAuts
     D:4: 786 daAuts
     D:3: 701 daAuts
     D:5: 332 daAuts
